 Dungeon Crawl Stone Soup version 0.29-a0-330-g52719c12eb (webtiles) character file.

Game seed: 13396164651178595292

2221 kae the Firebug (level 8, -2/67 HPs)
             Began as a Demigod Fire Elementalist on May 11, 2022.
             Slain by an orc warrior
             ... wielding a +0 battleaxe
              (23 damage)
             ... on level 7 of the Dungeon.
             The game lasted 00:06:09 (7353 turns).

kae the Firebug (Demigod Fire Elementalist)         Turns: 7353, Time: 00:06:09

Health: -2/67      AC: 10    Str: 11    XL:     8   Next: 90%
Magic:  11/18      EV: 13    Int: 25    God:
Gold:   334        SH:  0    Dex: 14    Spells: 3/16 levels left

rFire   . . .      SeeInvis .   c - +1 short sword (vamp)
rCold   . . .      Faith    .   (no shield)
rNeg    + . .      Spirit   .   i - +3 leather armour of Greed {Str+2}
rPois   .          Reflect  .   d - +1 helmet
rElec   .          Harm     .   (no cloak)
rCorr   .          Rampage  .   u - +0 pair of gloves
Will    .....                   e - +0 pair of boots
Stlth   ++........              (no amulet)
HPRegen 0.21/turn               h - ring of positive energy
MPRegen 0.16/turn               (no ring)

@: very slightly contaminated
A: high MP 1, forlorn, divine attributes
a: no special abilities


You were on level 7 of the Dungeon.
You visited 1 branch of the dungeon, and saw 7 of its levels.

You collected 334 gold pieces.

Inventory:

Hand Weapons
 c - a +1 vampiric short sword (weapon)
Armour
 d - a +1 helmet (worn)
 e - a +0 pair of boots (worn)
 i - the +3 leather armour of Greed (worn) {Str+2}
   (You found it on level 2 of the Dungeon)

   Str:       It affects your strength (+2).
 u - a +0 pair of gloves (worn)
Jewellery
 h - a ring of positive energy (left hand)
Wands
 v - a wand of iceblast (7)
 w - a wand of mindburst (3)
 y - a wand of charming (10)
Scrolls
 a - a scroll of noise
 j - 3 scrolls of teleportation
 l - a scroll of fog
 m - a scroll of fear
 o - a scroll of enchant weapon
 z - a scroll of magic mapping
 B - a scroll of enchant armour
Potions
 f - a potion of berserk rage
 g - 2 potions of degeneration
 k - a potion of ambrosia
 n - 2 potions of attraction
 p - a potion of resistance
 q - a potion of mutation
 r - 3 potions of haste
 s - 3 potions of heal wounds
 t - 2 potions of curing
 x - a potion of might


   Skills:
 + Level 4.7 Fighting
 + Level 5.2 Dodging
 - Level 1.7 Stealth
 + Level 4.8 Spellcasting
 + Level 4.8 Conjurations
 + Level 5.7 Fire Magic


You had 3 spell levels left.
You knew the following spells:

 Your Spells              Type           Power      Damage    Failure   Level
a - Foxfire               Conj/Fire      100%       2x1d9     1%          1
b - Scorch                Fire           68%        2d8       1%          2
c - Conjure Flame         Conj/Fire      32%        6-21      3%          3
d - Inner Flame           Hex/Fire       20%        N/A       11%         3
e - Flame Wave            Conj/Fire      32%        2d8       12%         4

Your spell library contained the following spells:

 Spells                   Type           Power      Damage    Failure   Level
 Summon Small Mammal      Summ           24%        N/A       11%         1
 Ensorcelled Hibernation  Hex/Ice        12%        N/A       17%         2
 Passwall                 Tmut/Erth      5%         N/A       17%         2
 Call Canine Familiar     Summ           6%         N/A       32%         3
 Summon Guardian Golem    Hex/Summ       6%         N/A       32%         3
 Swiftness                Air            6%         N/A       32%         3
 Fireball                 Conj/Fire      16%        3d8       34%         5
 Iskenderun's Battlesphe  Conj           30%        2d8       38%         5
 Animate Armour           Summ/Erth      12%        N/A       73%         4
 Blade Hands              Tmut           3%         N/A       97%         5
 Conjure Ball Lightning   Conj/Air       9%         3x3d6     99%         6
 Iron Shot                Conj/Erth      9%         9d3       99%         6
 Orb of Destruction       Conj           15%        9d7       100%        7


Dungeon Overview and Level Annotations

Branches:
Dungeon (7/15)             Temple (0/1) D:4

Annotations:
D:4 1 runed translucent door, benappo's ghost, novice DjTm
D:6 2 transporters, NigelTetley's ghost, amateur OpTm


Innate Abilities, Weirdness & Mutations

You have an increased reservoir of magic. (+10% MP)
You shall have no god before yourself.
Your divine heritage dramatically boosts your attributes as you level up.


Message History

The orc warrior is heavily wounded.
Casting: Scorch (safe; 1% risk of failure)
Confirm with . or Enter, or press ? or * to list all spells.
You don't have enough magic to cast this spell.
Casting: Scorch (safe; 1% risk of failure)
Confirm with . or Enter, or press ? or * to list all spells.
You don't have enough magic to cast this spell.
Casting: Scorch (safe; 1% risk of failure)
Confirm with . or Enter, or press ? or * to list all spells.
You don't have enough magic to cast this spell.
Okay, then.
Magic courses through your body.
The orc wizard is no longer more vulnerable to fire.
Casting: Scorch (safe; 1% risk of failure)
Confirm with . or Enter, or press ? or * to list all spells.
You conjure some foxfire!
The foxfire hits the orc warrior but does no damage.
The orc warrior is heavily wounded.
Casting: Foxfire (safe; 1% risk of failure)
Confirm with . or Enter, or press ? or * to list all spells.
Flames lash the orc wizard.
You kill the orc wizard!
Your foxfire dissipates!
Casting: Scorch (safe; 1% risk of failure)
Confirm with . or Enter, or press ? or * to list all spells.
Flames lash the orc warrior.
The orc warrior is burned terribly!
The orc warrior is heavily wounded.
Casting: Scorch (safe; 1% risk of failure)
Confirm with . or Enter, or press ? or * to list all spells.
Flames lash the orc warrior.
The orc warrior is heavily wounded.
The orc warrior completely misses you.
The orc warrior hits you with a +0 battleaxe.
* * * LOW HITPOINT WARNING * * *
Casting: Scorch (safe; 1% risk of failure)
Confirm with . or Enter, or press ? or * to list all spells.
You miscast Scorch.
You are very lightly contaminated with residual magic.
Nothing appears to happen.
The orc warrior hits you with a +0 battleaxe!!
You die...

### #.. #.#
#.## #.@##
#<#o###)##..
#.###))......
## #.###.###.
#.)## #.. #..
#.. #..


You could see an orc warrior (combustible).

Vanquished Creatures
  Pikel (D:6)
  4 yaks
  A water moccasin (D:5)
  3 ogres
  A centaur (D:5)
  A lemure (D:5)
  A kobold brigand (D:6)
  2 necrophages (D:4)
  A scorpion (D:4)
  An orc priest (D:3)
  A gnoll shaman (D:5)
  A jelly (D:4)
  2 iguanas
  4 orc wizards
  Robin (D:3)
  3 gnolls
  12 adders
  A white imp (D:5)
  An ufetubus (D:5)
  A worm (D:3)
  A dart slug (D:3)
  14 orcs
  5 ball pythons
  8 endoplasms
  6 giant cockroaches
  7 hobgoblins
  4 quokkas
  6 bats
  6 frilled lizards
  12 goblins
  12 kobolds
124 creatures vanquished.

Vanquished Creatures (collateral kills)
  3 foxfires (D:5)
3 creatures vanquished.

Vanquished Creatures (others)
  480 foxfires
  7 plants
487 creatures vanquished.

Grand Total: 614 creatures vanquished

Notes
Turn   | Place    | Note
-------+----------+-------------------------------------------
     0 | D:1      | kae the Demigod Fire Elementalist began the quest for the
                  | Orb.
     0 | D:1      | Reached XP level 1. HP: 14/14 MP: 5/5
    99 | D:1      | Reached skill level 1 in Conjurations
   403 | D:1      | Reached XP level 2. HP: 22/22 MP: 4/7
   825 | D:1      | Learned a level 2 spell: Scorch
  1158 | D:2      | Identified the +3 leather armour of Greed {Str+2}
  1193 | D:2      | Reached XP level 3. HP: 27/27 MP: 4/8
  1197 | D:2      | Learned a level 3 spell: Conjure Flame
  1406 | D:2      | Reached skill level 1 in Fighting
  2220 | D:3      | Reached XP level 4. HP: 35/35 MP: 5/10
  2881 | D:3      | Reached XP level 5. HP: 41/41 MP: 7/11
  2885 | D:3      | Learned a level 3 spell: Inner Flame
  3072 | D:3      | Noticed Robin
  3106 | D:3      | Killed Robin
  3434 | D:4      | Identified the +1 scale mail of Diod Wud {rF+ Str+2}
  3617 | D:4      | Found a staircase to the Ecumenical Temple.
  3892 | D:4      | Found a runed translucent door.
  3895 | D:4      | Noticed benappo's ghost (novice DjTm)
  3906 | D:4      | Reached XP level 6. HP: 48/48 MP: 9/13
  5003 | D:5      | Entered Level 5 of the Dungeon
  5003 | D:5      | Noticed a yak
  5003 | D:5      | Noticed a yak
  5003 | D:5      | Noticed a yak
  5003 | D:5      | Noticed a yak
  5128 | D:4      | Killed a yak
  5129 | D:4      | Reached XP level 7. HP: 56/56 MP: 9/15
  5136 | D:4      | Killed a yak
  5730 | D:5      | Killed a yak
  5733 | D:5      | Killed a yak
  5734 | D:5      | Reached XP level 8. HP: 58/66 MP: 0/17
  6029 | D:5      | Reached skill level 5 in Fire Magic
  6272 | D:6      | Noticed Pikel
  6722 | D:6      | Killed Pikel
  6723 | D:6      | Reached skill level 5 in Dodging
  6840 | D:6      | Learned a level 4 spell: Flame Wave
  6946 | D:6      | Found a transporter.
  6985 | D:6      | Identified the +1 kite shield of the Rose {rElec Str+8
                  | Slay-3 SInv}
  7008 | D:6      | Found a transporter.
  7012 | D:6      | Noticed NigelTetley's ghost (amateur OpTm)
  7353 | D:7      | Slain by an orc warrior

Illustrated notes

Levels and vault maps discovered:
D:1:      scummos_arrival_simple_fountains, layout_rooms
D:2:      layout_loops_ring, basic_altar, st_stairs_14, palyth_stone_intersect,
          minmay_unequal
D:3:      layout_loops_cross, hellmonk_ecumenical_altar_inner_sanctum,
          uniq_robin
D:4:      layout_basic, temple_statues, hellmonk_ghost_happy_afterlife
D:5:      layout_rooms, chequers_serial_rivers_marsh, fountainhead,
          guppyfry_early_lair_pool
D:6:      layout_rooms, gammafunk_ghost_gnarly_gnolls, uniq_pikel
D:7:      layout_loops_ring, serial_shops, nicolae_diamond_shop

Skill      XL: |  1  2  3  4  5  6  7  8 |
---------------+-------------------------+-----
Conjurations   | 1 2 3 4 |  4.8
Dodging        | 2 3 4 5 |  5.2
Spellcasting   | 2 3 4 |  4.8
Fire Magic     | 3 4 5 |  5.7
Fighting       | 1 2 3 4 |  4.7
Stealth        | |  1.7

Action                   |  1- 3 |  4- 6 |  7- 9 || total
-------------------------+-------+-------+-------++-------
Melee: Short sword       |     9 |    19 |    15 ||    43
 Cast: Foxfire           |    85 |   127 |    71 ||   283
       Scorch            |     4 |     6 |    28 ||    38
       Conjure Flame     |       |     1 |     5 ||     6
Evoke: Wand              |       |       |     1 ||     1
  Use: Scroll            |       |    14 |     7 ||    21
       Potion            |       |       |     1 ||     1
 Stab: Sleeping          |       |     1 |       ||     1
Armor: Robe              |    11 |       |       ||    11
       Leather armour    |    12 |    32 |    20 ||    64
Dodge: Dodged            |    55 |    50 |    42 ||   147

Table legend: (Time is in decaauts)
 A = Elapsed time spent in this place.
 B = Non-inter-level travel time spent in this place.
 C = Inter-level travel time spent in this place.
 D = Time resting spent in this place.
 E = Time spent auto-exploring this place.
 F = Levels seen in this place.
 G = Mean time per level.
                   A        B        C        D        E       F      G
               +--------+--------+--------+--------+--------+-----+--------+
         Total |   7379 |   6980 |    399 |    448 |   5340 |   7 | 1054.1 |
       Dungeon |   7379 |   6980 |    399 |    448 |   5340 |   7 | 1054.1 |
               +--------+--------+--------+--------+--------+-----+--------+

Top non-repeatable levels by time:
     D:4: 2016 daAuts
     D:3: 1351 daAuts
     D:5: 1105 daAuts
     D:2: 1098 daAuts
     D:1: 939 daAuts
     D:6: 812 daAuts
     D:7: 55 daAuts
